 Dungeon Crawl Stone Soup version 0.18-b1-18-g7758cf2 (webtiles) character file.

429 Grim the Twirler (level 6, -18/39 HPs)
             Began as an Octopode Gladiator on May 2, 2016.
             Was an Initiate of the Shining One.
             Demolished by an ogre
             ... wielding a +0 giant club
              (27 damage)
             ... on level 3 of the Dungeon.
             The game lasted 00:07:32 (3806 turns).

Grim the Twirler (Octopode Gladiator)               Turns: 3806, Time: 00:07:33

Health: -18/39     AC:  3    Str: 15    XL:     6   Next: 98%
Magic:  6/6        EV: 13    Int: 10    God:    the Shining One [......]
Gold:   137        SH:  0    Dex: 14    Spells: 0 memorised, 5 levels left

rFire  . . .     SeeInvis .     a - +0 quarterstaff
rCold  . . .     Gourm    .     (shield currently unavailable)
rNeg   . . .     Faith    +     b - +0 hat
rPois  .         Spirit   .     l - amulet of faith
rElec  .         Dismiss  .     t - +2 ring of protection
rCorr  .         Reflect  .     (no ring)
SustAt .         Harm     .     (no ring)
MR     .....                    (no ring)
Stlth  +.........               (no ring)
                                (no ring)
                                (no ring)
                                (no ring)

@: glowing, not resistant to hostile enchantments, very unstealthy
A: almost no armour, amphibious, 8 rings, constrict 8, camouflage 1, gelatinous
body 1
a: Renounce Religion


You were on level 3 of the Dungeon.
You worshipped the Shining One.
The Shining One was noncommittal.
You were very hungry.

You visited 1 branch of the dungeon, and saw 4 of its levels.

You collected 137 gold pieces.

Inventory:

Hand Weapons
 a - a +0 quarterstaff (weapon)
Missiles
 c - 2 throwing nets (quivered)
Armour
 b - a +0 hat (worn)
Jewellery
 l - an amulet of faith (around mantle)
 t - a +2 ring of protection (left tentacle)
Wands
 n - a wand of digging (6/24)
Scrolls
 e - a scroll of teleportation {unknown}
 g - 2 scrolls of identify {unknown}
 i - 2 scrolls of blinking {unknown}
 j - a scroll of noise {unknown}
 k - 2 scrolls of immolation {unknown}
 o - a scroll of fear {unknown}
 q - a scroll of remove curse {unknown}
Potions
 f - 2 potions of curing
Comestibles
 d - 2 bread rations
 h - 4 fruits
 m - a slice of pizza
 p - a beef jerky
 s - a meat ration


   Skills:
 - Level 2.0 Fighting
 + Level 7.6 Staves
 - Level 2.0 Throwing
 - Level 3.0 Dodging


You had 5 spell levels left.
You didn't know any spells.

Dungeon Overview and Level Annotations

Branches:
Dungeon (4/15)
 Temple: D:4-7

Altars:
Qazlal
The Shining One


Innate Abilities, Weirdness & Mutations

You cannot wear most types of armour.
You are amphibious.
You can wear up to eight rings at the same time.
You can use your tentacles to constrict eight enemies at once.
Your skin changes colour to match your surroundings (Stealth).
Your rubbery body absorbs attacks (AC +1).


Message History

[Y]es or [N]o only, please.
Really attack the helpless ogre?
This attack would place you under penance! [Y]es or [N]o only, please.
Really attack the helpless ogre?
This attack would place you under penance!
Okay, then.
The ogre struggles against the net.
The ogre struggles against the net.
The net rips apart, and the ogre comes free!
There is a stone staircase leading up here.
You hit the ogre.
The ogre is lightly wounded.
The ogre closely misses you. The ogre hits you with a giant club!
You climb upwards.
There is a stone staircase leading down here.
The ogre hits you with a giant club!
You open the door. The ogre hits you with a giant club!
* * * LOW HITPOINT WARNING * * *
The ogre hits you with a giant club!!
Ouch! That really hurt!
You die...

#.........####......#
##..≈≈≈≈≈≈≈
..####.........(....#
#..####### .##
####...........#
#..#.....# ##
#..>.........#
#..###.### #
#............#
#....#.#.† #
#..#######...#
#....#.#†# # #..# ###
#..## ####.....#
#.[#######OO# #######
#..'.._..@..#
##.###.###.## #.# #.#
#.# #.###'###.#
#.........#
###########


You could see 2 ogres.

Vanquished Creatures
  The ghost of vernon the Bolt Thrower, an amateur VSWn (D:3)
  Crazy Yiuf (D:2)
  Ijyb (D:2)
  Jessica (D:2)
  Natasha (thrice) (D:2)
  A worker ant (D:4)
  5 adders
  6 worms (D:2)
  A dart slug (D:1)
  A giant gecko (D:1)
  5 orcs
  A ball python (D:2)
  3 giant cockroaches
  8 hobgoblins
  8 jackals
  A quokka (D:2)
  11 bats
  8 giant newts
  6 goblins
  9 kobolds
  12 rats
93 creatures vanquished.

Notes
Turn   | Place    | Note
--------------------------------------------------------------
     0 | D:1      | Grim the Octopode Gladiator began the quest for the Orb.
     0 | D:1      | Reached XP level 1. HP: 14/14 MP: 1/1
   118 | D:1      | Reached XP level 2. HP: 6/19 MP: 2/2
   518 | D:1      | Reached skill level 4 in Staves
   606 | D:1      | Reached XP level 3. HP: 22/24 MP: 3/3
  1311 | D:2      | Reached XP level 4. HP: 26/29 MP: 4/4
  1462 | D:2      | Noticed Jessica
  1559 | D:2      | Killed Jessica
  1559 | D:2      | Reached skill level 5 in Staves
  2096 | D:2      | Reached XP level 5. HP: 33/34 MP: 5/5
  2132 | D:2      | Noticed Natasha
  2136 | D:2      | Killed Natasha
  2436 | D:2      | Noticed Natasha
  2440 | D:2      | Killed Natasha
  2440 | D:2      | Reached skill level 6 in Staves
  2542 | D:2      | Noticed Natasha
  2547 | D:2      | Killed Natasha
  2673 | D:2      | Found a glowing golden altar of the Shining One.
  2673 | D:2      | Noticed Ijyb
  2680 | D:2      | Killed Ijyb
  2680 | D:2      | Reached XP level 6. HP: 27/39 MP: 6/6
  2773 | D:2      | Became a worshipper of the Shining One
  2836 | D:2      | Noticed Crazy Yiuf
  2842 | D:2      | Killed Crazy Yiuf
  3069 | D:3      | Noticed vernon's ghost (amateur VSWn)
  3084 | D:3      | Killed vernon's ghost
  3084 | D:3      | Reached skill level 7 in Staves
  3396 | D:3      | Found a stormy altar of Qazlal.
  3806 | D:3      | Demolished by an ogre

Skill      XL: |  1  2  3  4  5  6 |
---------------+-------------------+-----
Staves         | 4 5 6 7 |  7.6
Fighting       | |  2.0
Throwing       | |  2.0
Dodging        | |  3.0

Action                   |  1- 3 |  4- 6 || total
-------------------------+-------+-------++-------
Melee: Quarterstaff      |    71 |   125 ||   196
       Constrict         |    19 |    28 ||    47
       Tentacles         |    10 |    22 ||    32
Throw: Throwing net      |     1 |     2 ||     3
  Use: Potion            |     1 |       ||     1
 Stab: Sleeping          |     6 |     1 ||     7
  Eat: Chunk             |     1 |     7 ||     8
Armor: Skin              |     4 |     6 ||    10
Dodge: Dodged            |    56 |    54 ||   110
